 Dungeon Crawl Stone Soup version 0.29-a0-520-gc852659d43 (webtiles) character file.

Game seed: 1826413042452450345

193 Zdeegee the Shield-Bearer (level 6, 0/72 HPs)
             Began as a Formicid Fighter on May 31, 2022.
             Succumbed to a scorpion's poison
             ... on level 4 of the Dungeon.
             The game lasted 00:06:20 (3048 turns).

Zdeegee the Shield-Bearer (Formicid Fighter)        Turns: 3048, Time: 00:06:20

Health: 0/72       AC: 23    Str: 20 (23) XL:     6   Next: 3%
Magic:  7/7        EV:  2    Int:  6 (7)  God:
Gold:   206        SH:  4    Dex:  7 (10) Spells: 5/5 levels left

rFire   . . .      SeeInvis .   a - +0 war axe
rCold   . . .      Faith    .   c - +0 buckler
rNeg    . . .      Spirit   .   (body armour currently unavailable)
rPois   +          Reflect  .   (helmet unavailable)
rElec   .          Harm     .   (cloak currently unavailable)
rCorr   .          Rampage  .   (gloves currently unavailable)
Will    .....      Clarity  +   (boots currently unavailable)
Stlth   +.........              (no amulet)
HPRegen 0.22/turn               (no ring)
MPRegen 0.10/turn               (no ring)

@: lethally poisoned (0 -> -11), tree-form
A: stationary, stasis, torment immunity, boosted hp, permanent stasis, dig
shafts and tunnels, (antennae 3), four strong arms, clarity, (fire resistance
1), (poison resistance)
a: no special abilities


You were on level 4 of the Dungeon.
You were a tree.
You visited 1 branch of the dungeon, and saw 4 of its levels.

You collected 206 gold pieces.

Inventory:

Hand Weapons
 a - a +0 war axe (weapon)
 b - the +6 hunting sling "Urraggoh" {flame, rPois rCorr}
   (You found it on level 2 of the Dungeon)

   Any ammunition fired from it burns those it strikes, dealing additional fire
   damage.
   rPois:     It protects you from poison.
   rCorr:     It protects you from acid and corrosion.
Armour
 c - a +0 buckler (worn)
 m - a +0 scale mail (melded)
Scrolls
 f - 2 scrolls of enchant weapon {unknown}
 h - 2 scrolls of identify {unknown}
 i - a scroll of vulnerability {unknown}
 j - a scroll of fog {unknown}
 k - 2 scrolls of fear {unknown}
 l - 2 scrolls of teleportation {unknown}
 n - a scroll of silence {unknown}
 p - a scroll of noise {unknown}
 r - a scroll of amnesia {unknown}
 s - 3 scrolls of poison {unknown}
 t - a scroll of blinking {unknown}
Potions
 d - a potion of might
 e - a potion of degeneration
 u - a potion of curing {unknown}


   Skills:
 * Level 4.2 Fighting
 + Level 2.6 Axes
 * Level 2.0 Slings
 * Level 4.2 Armour
 + Level 0.1 Dodging
 * Level 4.5 Shields
 * Level 2.0 Invocations
 * Level 1.2 Evocations


You had 5 spell levels left.
You didn't know any spells.
Your spell library contained the following spells:

 Spells                   Type           Power      Damage    Failure   Level
 Foxfire                  Conj/Fire      0%         2x1d4     52%         1
 Conjure Flame            Conj/Fire      0%         6-21      88%         3
 Inner Flame              Hex/Fire       0%         N/A       88%         3
 Lesser Beckoning         Tloc           0%         N/A       88%         3
 Flame Wave               Conj/Fire      0%         2d4       99%         4
 Manifold Assault         Tloc           0%         N/A       100%        5
 Blink                    Tloc           Unusable   N/A       N/A         2

Dungeon Overview and Level Annotations

Branches:
Dungeon (4/15)
 Temple: D:4-7

Altars:


Innate Abilities, Weirdness & Mutations

You are a tree.
Your roots penetrate the ground, keeping you stationary.
You cannot be teleported.
You are immune to unholy pain and torment.
Your maximum health is greatly increased.
Your equipment is partially melded.
You cannot be hasted, slowed, berserked, paralysed or teleported.
You can dig through walls and to a lower floor.
((You have a pair of large antennae on your head. (SInv)))
Your four strong arms can wield two-handed weapons with a shield.
You possess an exceptional clarity of mind.
((Your flesh is heat resistant. (rF+)))
((Your system is resistant to poisons. (rPois)))


Message History

You feel very sick.
The scorpion stings you but does no damage.
You hit the scorpion.
The scorpion is moderately wounded.
You feel very sick. The scorpion stings you.
You are more poisoned.
The scorpion poisons you! The scorpion stings you.
You are too injured to fight recklessly!
You are too injured to fight recklessly!
You are too injured to fight recklessly!
You barely miss the scorpion.
The scorpion is moderately wounded.
You feel very sick.
The scorpion stings you but does no damage.
The scorpion stings you.
* * * LOW HITPOINT WARNING * * *
You are more poisoned.
The scorpion poisons you!
It was a potion of degeneration.
There was something very wrong with that liquid.
You feel weakened.
You feel dopey.
You feel clumsy.
* * * LOW HITPOINT WARNING * * *
You feel very sick. The scorpion closely misses you.
It was a potion of mutation.
You feel extremely strange.
You feel resistant to poisons.
You feel resistant to heat.
Your thoughts seem clearer.
* * * LOW HITPOINT WARNING * * *
You feel very sick. The scorpion barely misses you.
It was a potion of lignification.
You turn into a tree.
Your +0 scale mail melds into your body.
Your roots penetrate the ground.
* * * LOW HITPOINT WARNING * * *
You feel very sick. The scorpion completely misses you.
It was a potion of berserk rage.
Your stasis prevents you from going berserk.
You die...

#..........# ###
#.########.# #.. #.# #.#
#.. #.# #.# #.. #.# #.#
#.. #.# #.# #.. #.#
#.#######..
#$#'########.#.....'..
#....♣s...##.#.#####..
.............##>.........
#####........##.#.#######
#........##.#.#
##+########.#.# .....
.##.# .. #.# .. #.#


You could see a scorpion.

Vanquished Creatures
  An orc priest (D:3)
  3 gnolls (D:3)
  2 adders
  4 dart slugs
  3 worms (D:2)
  3 orcs
  5 ball pythons
  7 bats
  12 endoplasms
  3 giant cockroaches (D:1)
  7 goblins
  10 hobgoblins
  4 jackals (D:2)
  3 quokkas
  4 frilled lizards
  8 kobolds
  15 rats
94 creatures vanquished.

Notes
Turn   | Place    | Note
-------+----------+-------------------------------------------
     0 | D:1      | Zdeegee the Formicid Fighter began the quest for the Orb.
     0 | D:1      | Reached XP level 1. HP: 18/18 MP: 1/1
   217 | D:1      | Reached XP level 2. HP: 21/24 MP: 2/2
   531 | D:1      | Reached XP level 3. HP: 25/29 MP: 3/3
   927 | D:2      | Reached skill level 1 in Invocations
  1140 | D:2      | Identified the +6 hunting sling "Urraggoh" {flame, rPois
                  | rCorr}
  1145 | D:2      | Reached XP level 4. HP: 35/35 MP: 4/4
  1352 | D:2      | Found a faded altar of an unknown god.
  1817 | D:3      | Reached skill level 1 in Slings
  2065 | D:3      | Reached XP level 5. HP: 41/41 MP: 6/6
  2310 | D:3      | Reached skill level 1 in Evocations
  2912 | D:4      | Reached XP level 6. HP: 48/48 MP: 7/7
  3046 | D:4      | Gained mutation: Your system is resistant to poisons.
                  | (rPois) [potion of mutation]
  3046 | D:4      | Gained mutation: Your flesh is heat resistant. (rF+)
                  | [potion of mutation]
  3046 | D:4      | Gained mutation: You possess an exceptional clarity of
                  | mind. [potion of mutation]
  3047 | D:4      | HP: 3/72 [poisoned by a scorpion]
  3048 | D:4      | Succumbed to a scorpion's poison

Illustrated notes

Levels and vault maps discovered:
D:1:      lightli_arrival_boilingwater, layout_rooms
D:2:      layout_basic, hellmonk_ecumenical_altar_arch_garden,
          minmay_rat_gold_closets
D:3:      wander_river, layout_basic
D:4:      kennysheep_slugbush, layout_basic, gammafunk_ghost_split, uniq_grinder

Skill      XL: |  1  2  3  4  5 |
---------------+----------------+-----
Invocations    | 1 2 |  2.0
Armour         | 4 |  4.2
Slings         | 1 2 |  2.0
Fighting       | 4 |  4.2
Evocations     | 1 |  1.2
Axes           | |  2.6
Dodging        | |  0.1
Shields        | |  4.5

Action                   |  1- 3 |  4- 6 || total
-------------------------+-------+-------++-------
Melee: War axe           |   111 |    49 ||   160
 Fire: Hunting sling     |       |    64 ||    64
  Use: Potion            |       |     4 ||     4
Armor: Scale mail        |    78 |    29 ||   107
Dodge: Dodged            |    65 |    30 ||    95
Block: Buckler           |    24 |    16 ||    40

Table legend: (Time is in decaauts)
 A = Elapsed time spent in this place.
 B = Non-inter-level travel time spent in this place.
 C = Inter-level travel time spent in this place.
 D = Time resting spent in this place.
 E = Time spent auto-exploring this place.
 F = Levels seen in this place.
 G = Mean time per level.
                   A        B        C        D        E       F      G
               +--------+--------+--------+--------+--------+-----+--------+
         Total |   3202 |   3036 |    166 |    409 |   2021 |   4 |  800.5 |
       Dungeon |   3202 |   3036 |    166 |    409 |   2021 |   4 |  800.5 |
               +--------+--------+--------+--------+--------+-----+--------+

Top non-repeatable levels by time:
     D:3: 1199 daAuts
     D:1: 905 daAuts
     D:2: 886 daAuts
     D:4: 209 daAuts
